 Dungeon Crawl Stone Soup version 0.31-a0-233-g139696dc86 (webtiles) character file.

Game seed: 9274849284088044924

52 qw the Shooter (level 3, -6/21 HPs)
             Began as a Gargoyle Hexslinger on July 7, 2023.
             Mangled by a gnoll
             ... wielding a +0 club
              (7 damage)
             ... on level 2 of the Dungeon.
             The game lasted 00:00:25 (802 turns).

qw the Shooter (Gargoyle Hexslinger)                 Turns: 802, Time: 00:00:26

Health: -6/21      AC:  8    Str: 11    XL:     3   Next: 85%
Magic:  4/4        EV: 11    Int: 13    God:
Gold:   39         SH:  0    Dex: 14    Spells: 3/4 levels left

rFire   . . .        Y - +1 sling
rCold   . . .        (no shield)
rNeg    + . .        d - +0 leather armour
rPois   inf          (no helmet)
rElec   +            o - +0 cloak
rCorr   .            (no gloves)
SInv    .            f - +0 pair of boots
Will    .....        (no amulet)
Stlth   +            (no ring)
HPRegen 0.23/turn    (no ring)
MPRegen 0.09/turn

%: no passive effects
@: no status effects
A: sickness immunity, AC +3, negative energy resistance 1, electricity
resistance, torment resistance 1, petrification resistance
a: no special abilities


You were on level 2 of the Dungeon.
You visited 1 branch of the dungeon, and saw 2 of its levels.

You collected 39 gold pieces.


Innate Abilities, Weirdness & Mutations

You are immune to sickness and miasma.
Your stone body is resilient. (AC +3)
You are immune to poison.
You resist negative energy. (rN+)
You are resistant to electric shocks. (rElec)
You are resistant to unholy torment.
You are immune to petrification.


   Skills:
 - Level 2.0 Fighting
 + Level 3.7 Ranged Weapons
 - Level 1.5 Dodging
 - Level 1.0 Spellcasting
 - Level 2.6 Hexes


You had 3 spell levels left.
You knew the following spells:

 Your Spells              Type           Power      Damage    Failure   Level
a - Slow                  Hex            28%        N/A       12%         1

Your spell library contained the following spells:

 Spells                   Type           Power      Damage    Failure   Level
 Inner Flame              Hex/Fire       4%         N/A       54%         3
 Portal Projectile        Hex/Tloc       8%         N/A       54%         3
 Cause Fear               Hex            3%         N/A       77%         4

Inventory:

Hand Weapons
 Y - a +1 sling (weapon)
Armour
 d - a +0 leather armour (worn)
 f - a +0 pair of boots (worn)
 o - a +0 cloak (worn)
Scrolls
 i - 2 scrolls of identify
Potions
 k - a potion of heal wounds {unknown}
 l - a potion of invisibility {unknown}
 m - a potion of curing {unknown}
 n - a potion of degeneration {unknown}

Dungeon Overview and Level Annotations

Branches:
Dungeon (2/15)

Altars:
Nemelex Xobeh


Message History

You shoot a sling bullet. The sling bullet hits the gnoll.
The gnoll is moderately wounded.
A nearby plant withers and dies.
The gnoll hits you with a +0 club. The gnoll closely misses you.
You shoot a sling bullet.
The sling bullet closely misses the gnoll.
The gnoll closely misses you. The gnoll barely misses you.
You shoot a sling bullet.
The sling bullet hits the gnoll but does no damage.
The gnoll is moderately wounded.
The gnoll hits you with a +0 club. x4
You shoot a sling bullet. The sling bullet hits the gnoll.
The gnoll is severely wounded.
The gnoll barely misses you. The gnoll hits you but does no damage.
You shoot a sling bullet. The sling bullet hits the gnoll!
You kill the gnoll!
The gnoll barely misses you.
You shoot a sling bullet.
The sling bullet barely misses the gnoll.
The kobold hits you but does no damage. The gnoll closely misses you.
A quokka comes into view.
You shoot a sling bullet.
The sling bullet barely misses the gnoll.
The kobold hits you with a +0 short sword.
The gnoll misses you.
The kobold hits you with a +0 short sword.
The gnoll hits you but does no damage.
You shoot a sling bullet.
The sling bullet hits the gnoll but does no damage.
The kobold closely misses you. The gnoll barely misses you.
You shoot a sling bullet.
The sling bullet closely misses the gnoll.
A ball python comes into view.
The kobold hits you but does no damage. The gnoll hits you with a +0 club.
You shoot a sling bullet. The ball python hisses angrily.
The sling bullet hits the gnoll.
The gnoll is moderately wounded.
The kobold hits you but does no damage. The gnoll hits you with a +0 club!
You die...

#. .._$ #. ..S..
#. P#?.. #%
7....... ###.
....#..8 ..g77r.
..... ##gKP7 P....
# #..@P7 .....
#.#..7.77..7. 7
#.#..)7.P.7..P.
#.....7.P..P7
###......7.7PPP..
......./.P.P7P.77.
######..#P777 7..P
...(....P...7.P.7
#.......7P...7


You could see a gnoll, a quokka, a goblin, a ball python and a kobold.

Vanquished Creatures
  A gnoll (D:2)
  An adder (D:2)
  2 ball pythons (D:1)
  An endoplasm (D:1)
  A giant cockroach (D:1)
  5 goblins (D:1)
  3 hobgoblins
  3 quokkas
  2 bats (D:1)
  A frilled lizard (D:1)
  7 kobolds
  3 rats
30 creatures vanquished.

Notes
Turn   | Place    | Note
-------+----------+-------------------------------------------
     0 | D:1      | qw the Gargoyle Hexslinger began the quest for the Orb.
     0 | D:1      | Reached XP level 1. HP: 12/12 MP: 2/2
     0 | D:1      | 0 ||| qw: Version: 0.3-a-46-gb1f654a
     0 | D:1      | 0 ||| qw: Game counter: 3024
     0 | D:1      | 0 ||| qw: Melee chars always use a shield: true
     0 | D:1      | 0 ||| qw: God list: Okawaru
     0 | D:1      | 0 ||| qw: Allow faded altars: false
     0 | D:1      | 0 ||| qw: Do Orc after clearing Dungeon:15 true
     0 | D:1      | 0 ||| qw: Do second Lair branch before Depths: true
     0 | D:1      | 0 ||| qw: Lair rune preference: random
     0 | D:1      | 0 ||| qw: Goals: Normal
     0 | D:1      | 0 ||| PLANNING D:1-11
   106 | D:1      | Reached XP level 2. HP: 12/16 MP: 3/3
   338 | D:1      | Reached skill level 3 in Ranged Weapons
   507 | D:1      | Reached XP level 3. HP: 21/21 MP: 4/4
   637 | D:1      | 637 ||| UPGRADING to +0 leather armour.
   647 | D:1      | 647 ||| DROPPING +0 robe.
   648 | D:1      | 648 ||| UPGRADING to +0 pair of boots.
   653 | D:1      | 653 ||| UPGRADING to +0 cloak.
   658 | D:1      | 658 ||| READING scroll labelled GAILEBRUVI.
   659 | D:1      | 659 ||| READING scroll labelled JYTZEEB KUTHRAL.
   662 | D:1      | 662 ||| READING scroll labelled NILOHOFRUA.
   663 | D:1      | 663 ||| READING 2 scrolls labelled ZOLYPT ZIEGH.
   664 | D:1      | 664 ||| DRINKING 2 purple potions.
   670 | D:1      | 670 ||| DROPPING scroll of poison.
   671 | D:1      | 671 ||| DROPPING potion of ambrosia.
   783 | D:2      | Found a sparkling altar of Nemelex Xobeh.
   799 | D:2      | HP: 4/21 [kobold/+0 short sword (2)]
   801 | D:2      | HP: 1/21 [gnoll/+0 club (4)]
   802 | D:2      | Mangled by a gnoll

Levels and vault maps discovered:
D:1:      kilobyte_arrival_exit_the_forest, layout_basic
D:2:      wad_woods_stonehenge, layout_basic, serial_forest,
          infiniplex_forest_clump_tiny, infiniplex_forest_lined_2,
          infiniplex_forest_lined_2, infiniplex_forest_end_double,
          infiniplex_forest_lined_3, infiniplex_forest_end_2,
          grunt_ministairs_14, minmay_misc_feat_tower

Skill      XL: |  1  2 |
---------------+-------+-----
Ranged Weapons | 3 |  3.7
Fighting       | 2 |  2.0
Dodging        | |  1.5
Spellcasting   | |  1.0
Hexes          | |  2.6

Action                     || total
---------------------------++-------
   Fire: Sling             ||    97
    Use: Scroll            ||     4
         Potion            ||     1
 Armour: Robe              ||    12
         Leather armour    ||    10
  Dodge: Dodged            ||    30

Table legend:
 A = Non-vault XP
 B = Vault XP
 C = Vault XP percentage of total XP
 D = Non-vault monster count
 E = Vault monster count
 F = Vault count percentage of total count
                 A         B        C        D         E       F
            +---------+---------+-------+---------+---------+-------
      Total |      55 |      20 |  26.7 |      26 |       4 |  13.3
            +---------+---------+-------+---------+---------+-------
        D:1 |      38 |       0 |   0.0 |      22 |       0 |   0.0
        D:2 |      17 |      20 |  54.1 |       4 |       4 |  50.0
            +---------+---------+-------+---------+---------+-------
